 Dungeon Crawl Stone Soup version 0.21.1-1-g345015f (webtiles) character file.

60 Flooderbenga the Grave Robber (level 4, -4/32 HPs)
             Began as a Gnoll Necromancer on Apr 7, 2018.
             Slain by an orc
             ... wielding a +0 trident
              (10 damage)
             ... on level 3 of the Dungeon.
             The game lasted 00:14:27 (341 turns).

Flooderbenga the Grave Robber (Gnoll Necromancer)    Turns: 341, Time: 00:14:29

Health: -4/32      AC:  2    Str: 10    XL:     4   Next: 4%
Magic:  1/11       EV: 15    Int: 19    God:
Gold:   30         SH:  0    Dex: 15    Spells: 11/13 levels left

rFire    . . .     SeeInvis .   e - +1 dagger (speed)
rCold    . . .     Gourm    .   (no shield)
rNeg     . . .     Faith    .   a - +0 robe
rPois    .         Spirit   .   (no helmet)
rElec    .         Reflect  .   (no cloak)
rCorr    .         Harm     .   (no gloves)
MR       .....                  (no boots)
Stlth    +++.......             (no amulet)
HPRegen  0.10/turn              (no ring)
MPRegen  0.12/turn              (no ring)

@: no status effects
A: distributed training, fangs 1, strong nose
a: no special abilities


You were on level 3 of the Dungeon.
You were not hungry.

You visited 1 branch of the dungeon, and saw 3 of its levels.

You collected 30 gold pieces.

Inventory:

Hand Weapons
 e - a +1 dagger of speed (weapon)
 o - a +0 long sword
Missiles
 h - 4 stones (quivered)
Armour
 a - a +0 robe (worn)
 n - a +0 leather armour
Scrolls
 d - a scroll of immolation {unknown}
 g - a scroll of fog {unknown}
 j - a scroll of noise {unknown}
 k - a scroll of magic mapping {unknown}
Potions
 i - a potion of lignification
 m - a potion of heal wounds {@q2}
Books
 b - a book of Necromancy

   Spells                             Type                      Level
   a - Pain                           Necromancy                   1
   b - Animate Skeleton               Necromancy                   1
   c - Vampiric Draining              Necromancy                   3
   d - Regeneration                   Charms/Necromancy            3
   e - Animate Dead                   Necromancy                   4
   f - Borgnjor's Vile Clutch         Necromancy/Earth             5
Comestibles
 c - 3 rations


   Skills:
 + Level 1.0 Fighting
 + Level 1.0 Short Blades
 + Level 1.0 Long Blades
 + Level 1.0 Axes
 + Level 1.0 Maces & Flails
 + Level 1.0 Polearms
 + Level 1.0 Staves
 + Level 1.0 Slings
 + Level 1.0 Bows
 + Level 1.0 Crossbows
 + Level 1.0 Throwing
 + Level 1.0 Armour
 + Level 4.6 Dodging
 + Level 4.2 Stealth
 + Level 1.0 Shields
 + Level 1.0 Unarmed Combat
 + Level 5.0 Spellcasting
 + Level 0.7 Conjurations
 + Level 0.7 Hexes
 + Level 0.7 Charms
 + Level 0.7 Summonings
 + Level 7.1 Necromancy
 + Level 0.7 Translocations
 + Level 0.7 Transmutations
 + Level 0.7 Fire Magic
 + Level 0.7 Ice Magic
 + Level 0.7 Air Magic
 + Level 0.7 Earth Magic
 + Level 0.7 Poison Magic
 + Level 1.1 Invocations
 + Level 1.0 Evocations


You had 11 spell levels left.
You knew the following spells:

 Your Spells              Type           Power        Failure   Level  Hunger
a - Pain                  Necr           ####         1%          1    None
z - Animate Skeleton      Necr           N/A          1%          1    None


Dungeon Overview and Level Annotations

Branches:
Dungeon (3/15)

Altars:


Innate Abilities, Weirdness & Mutations

Your experience applies equally to all skills.
You have very sharp teeth.
Your uncanny sense of smell can sniff out nearby items.


Message History

A goblin comes into view. It is wielding a dagger.
The bat closely misses you.
Aim: a bat (moderately wounded, chance to defeat MR: 93%)
The bat writhes in agony!
You kill the bat!
You take 1 damage, and have 8/32 hp.
You now have 2/11 mp.
A jackal comes into view.
Okay, then.
Unknown command.
The goblin shouts!
Found 19 stones.
A jackal and a giant cockroach come into view.
Aim: a goblin, wielding a dagger (chance to defeat MR: 93%)
The goblin writhes in agony!
You kill the goblin!
You take 1 damage, and have 7/32 hp.
You now have 2/11 mp.
Aim: a jackal (chance to defeat MR: 93%)
The jackal writhes in agony!
The orc hits you from afar with a trident!
You die...

... ...h###.. ... .
....r(.. ..##..
......#∆ ...#.# #....#
∆∆ .#.#.# #....#
.#...## #.s..# ......#
#...h## ..# #.#
####..#### ..###.##
##.@Z.## ...##(.###
####o.#
##.....%.##########.#
#####.....)....Z.#.##
####..[#####.#..###
###%### #..#...##
######
#...####.###..##......
###....#..###.........
####.##.# ##........


You could see an orc, a jackal, a giant cockroach, a rat (wandering) and a
friendly orc skeleton.

Vanquished Creatures
  An orc wizard (D:3)
  2 adders
  A worm (D:2)
  3 orcs (D:3)
  A goblin (D:3)
  A hobgoblin (D:2)
  2 kobolds (D:2)
  4 bats (D:3)
  3 frilled lizards
  2 rats
20 creatures vanquished.

Vanquished Creatures (collateral kills)
  An orc (D:3)
1 creature vanquished.

Grand Total: 21 creatures vanquished

Notes
Turn   | Place    | Note
-------+----------+-------------------------------------------
     0 | D:1      | Flooderbenga the Gnoll Necromancer began the quest for the Orb.
     0 | D:1      | Reached XP level 1. HP: 13/13 MP: 6/6
    94 | D:2      | Reached XP level 2. HP: 11/19 MP: 2/7
   100 | D:2      | Learned a level 1 spell: Animate Skeleton
   246 | D:3      | Reached skill level 5 in Spellcasting
   246 | D:3      | Reached XP level 3. HP: 10/25 MP: 3/9
   303 | D:3      | Reached skill level 1 in Fighting
   303 | D:3      | Reached skill level 1 in Short Blades
   303 | D:3      | Reached skill level 1 in Long Blades
   303 | D:3      | Reached skill level 1 in Axes
   303 | D:3      | Reached skill level 1 in Maces & Flails
   303 | D:3      | Reached skill level 1 in Polearms
   303 | D:3      | Reached skill level 1 in Staves
   303 | D:3      | Reached skill level 1 in Slings
   303 | D:3      | Reached skill level 1 in Bows
   303 | D:3      | Reached skill level 1 in Crossbows
   303 | D:3      | Reached skill level 1 in Throwing
   303 | D:3      | Reached skill level 1 in Armour
   303 | D:3      | Reached skill level 1 in Shields
   303 | D:3      | Reached skill level 1 in Unarmed Combat
   303 | D:3      | Reached skill level 1 in Invocations
   303 | D:3      | Reached skill level 1 in Evocations
   330 | D:3      | Reached XP level 4. HP: 9/32 MP: 2/11
   341 | D:3      | Slain by an orc

Skill      XL: |  1  2  3 |
---------------+----------+-----
Spellcasting   | 5 |  5.0
Fighting       | 1 |  1.0
Short Blades   | 1 |  1.0
Long Blades    | 1 |  1.0
Axes           | 1 |  1.0
Maces & Flails | 1 |  1.0
Polearms       | 1 |  1.0
Staves         | 1 |  1.0
Slings         | 1 |  1.0
Bows           | 1 |  1.0
Crossbows      | 1 |  1.0
Throwing       | 1 |  1.0
Armour         | 1 |  1.0
Shields        | 1 |  1.0
Unarmed Combat | 1 |  1.0
Invocations    | 1 |  1.1
Evocations     | 1 |  1.0
Dodging        | |  4.6
Stealth        | |  4.2
Conjurations   | |  0.7
Hexes          | |  0.7
Charms         | |  0.7
Summonings     | |  0.7
Necromancy     | |  7.1
Translocations | |  0.7
Transmutations | |  0.7
Fire Magic     | |  0.7
Ice Magic      | |  0.7
Air Magic      | |  0.7
Earth Magic    | |  0.7
Poison Magic   | |  0.7

Action                   |  1- 3 |  4- 6 || total
-------------------------+-------+-------++-------
Melee: Dagger            |    15 |     1 ||    16
       Bite              |     2 |       ||     2
Throw: Stone             |     1 |       ||     1
 Cast: Pain              |    26 |     4 ||    30
       Animate Skeleton  |     4 |       ||     4
  Use: Scroll            |     2 |       ||     2
 Stab: Sleeping          |     1 |       ||     1
Armor: Robe              |     4 |     1 ||     5
Dodge: Dodged            |     7 |     2 ||     9
